 Dungeon Crawl Stone Soup version 0.30-a0-800-g7c544603b3 (webtiles) character file.

Game seed: 6997162084900430940

64 Demosthentine the Ducker (level 3, 0/28 HPs)
             Began as a Demonspawn Gladiator on Feb 23, 2023.
             Killed from afar by a steam dragon (15 damage)
             ... with a ball of steam
             ... on level 3 of the Dungeon.
             The game lasted 00:01:55 (1702 turns).

Demosthentine the Ducker (Demonspawn Gladiator)     Turns: 1702, Time: 00:01:56

Health: 0/28       AC:  6    Str: 14    XL:     3   Next: 91%
Magic:  3/3        EV: 13    Int:  9    God:
Gold:   65         SH:  0    Dex: 16    Spells: 2/2 levels left

rFire   . . .      SeeInvis .    a - +0 trident
rCold   . . .      Faith    .    (no shield)
rNeg    . . .      Spirit   .    b - +0 leather armour
rPois   .          Reflect  .    c - +0 helmet
rElec   .          Harm     .    l - +0 cloak
rCorr   .          Rampage  .    o - +0 pair of gloves
Will    .....                    (no boots)
Stlth   +                        (no amulet)
HPRegen 0.24/turn                (no ring)
MPRegen 0.08/turn                (no ring)

@: no status effects
A: demonic magic 1, MP-powered wands, sturdy frame 1
a: no special abilities


You were on level 3 of the Dungeon.
You visited 1 branch of the dungeon, and saw 3 of its levels.

You collected 78 gold pieces.
You spent 13 gold pieces at shops.

Inventory:

Hand Weapons
 a - a +0 trident (weapon)
Missiles
 d - 2 throwing nets (quivered)
 e - a javelin
Armour
 b - a +0 leather armour (worn)
 c - a +0 helmet (worn)
 l - a +0 cloak (worn)
 o - a +0 pair of gloves (worn)
Jewellery
 i - a +4 ring of protection
Wands
 p - a wand of charming (14)
Scrolls
 f - a scroll of amnesia
 r - a scroll of identify
Potions
 g - a potion of ambrosia
 h - 2 potions of curing
 j - a potion of mutation
 k - a potion of haste {unknown}
 m - 2 potions of flight
 n - a potion of berserk rage {unknown}
 q - a potion of lignification {unknown}
 t - a potion of resistance {unknown}


   Skills:
 + Level 2.7 Fighting
 + Level 3.1 Polearms
 - Level 1.7 Throwing
 + Level 1.4 Armour
 + Level 3.2 Dodging


You had 2 spell levels left.
You didn't know any spells.
Your spell library contained the following spells:

 Spells                   Type           Power      Damage    Failure   Level
 Ensorcelled Hibernation  Hex/Ice        0%         N/A       54%         2
 Passwall                 Tmut/Erth      0%         N/A       54%         2
 Swiftness                Air            0%         N/A       77%         3


Dungeon Overview and Level Annotations

Branches:
Dungeon (3/15)

Altars:

Shops:
D:1 *   D:3 [


Innate Abilities, Weirdness & Mutations

Spells you cast may paralyse adjacent enemies.
You expend magic power (3 MP) to strengthen your wands.
Your movements are slightly less encumbered by armour. (ER -2)


Message History

r - a scroll of identify No target in view!
Found a robe.
No target in view!
No target in view!
You see here a +0 robe.
You open the door.
There is an open door here.
You open the door.
A steam dragon comes into view.
The steam dragon hisses angrily.
Found 4 gold pieces.
A steam dragon is nearby!
A steam dragon is nearby!
You reach to attack!
You hit the steam dragon but do no damage.
A steam dragon is nearby!
You barely miss the steam dragon. The steam dragon closely misses you.
The steam dragon barely misses you.
You closely miss the steam dragon. The steam dragon breathes steam at you.
The ball of steam hits you!
Ouch! That really hurt!
You hear an angry hiss.
The steam dragon bites you but does no damage.
The steam dragon claws you but does no damage.
A ball python comes into view.
Throw: 3 throwing nets
Press: ? - help, Q - select action, (/) - cycle Shift-Dir - straight line, f/p - steam dragon
Aim: a steam dragon (catching its breath, 60% to hit)
You throw a throwing net. The throwing net hits the steam dragon.
The steam dragon is caught in the net!
The steam dragon struggles against the net.
Unknown command.
You hit the steam dragon but do no damage.
The steam dragon struggles against the net.
The steam dragon breathes steam at you. The ball of steam hits you!
Ouch! That really hurt!
You die...

####.# ...... .# # #..
..... #.# .# #####†.
..$..##.##.# #......
..........# #.....#
........# #..8.##
######...S..###+##...##.
....................##..
.......@D..........##...
......§..§.........#....
..........§........'...#
....$...§§§........#..##
#########..........##.#
#§##........###
#.##.........##
#.####+###..8.## #.# #.#
#.....#


You could see a steam dragon (caught, catching breath) and a ball python.

Vanquished Creatures
  2 adders (D:2)
  A worm (D:3)
  7 endoplasms
  A giant cockroach (D:2)
  5 hobgoblins
  4 jackals (D:3)
  2 kobolds
  2 quokkas
  2 ball pythons
  4 bats
  2 frilled lizards (D:1)
  4 goblins
  3 rats
39 creatures vanquished.

Vanquished Creatures (others)
  A plant (D:1)
1 creature vanquished.

Grand Total: 40 creatures vanquished

Notes
Turn   | Place    | Note
-------+----------+-------------------------------------------
     0 | D:1      | Demosthentine the Demonspawn Gladiator began the quest for
                  | the Orb.
     0 | D:1      | Reached XP level 1. HP: 16/16 MP: 1/1
    96 | D:1      | Found Xivayme's General Store.
   187 | D:1      | Gained mutation: Spells you cast may paralyse adjacent
                  | enemies. [demonic ancestry]
   187 | D:1      | Reached XP level 2. HP: 22/22 MP: 2/2
   661 | D:1      | Bought a potion of degeneration for 13 gold pieces
   912 | D:2      | Reached skill level 1 in Armour
   912 | D:2      | Reached XP level 3. HP: 22/28 MP: 3/3
  1321 | D:2      | Gained mutation: You expend magic power (3 MP) to
                  | strengthen your wands. [potion of mutation]
  1321 | D:2      | Gained mutation: Your movements are slightly less
                  | encumbered by armour. (ER -2) [potion of mutation]
  1606 | D:3      | Found a faded altar of an unknown god.
  1624 | D:3      | Found Daliyfou's Armour Emporium.
  1693 | D:3      | Noticed a steam dragon
  1702 | D:3      | Killed from afar by a steam dragon

Illustrated notes

Levels and vault maps discovered:
D:1:      pf_arrival_petrified_forest, layout_rooms, serial_shops,
          nicolae_shop_crystal, serial_forest, infiniplex_forest_straight_3,
          infiniplex_forest_lined_room_3, infiniplex_forest_straight_5,
          infiniplex_forest_lined_corner, infiniplex_forest_3_way,
          infiniplex_forest_corner_1, infiniplex_forest_3_way,
          infiniplex_forest_lined_3, infiniplex_forest_zigzag_1, minivault_4
D:2:      layout_basic
D:3:      layout_basic, mainiacjoe_overflow_paths,
          nicolae_overflow_ecumenical_swirl, serial_shops, shop

Skill      XL: |  1  2 |
---------------+-------+-----
Polearms       | 3 |  3.1
Armour         | 1 |  1.4
Dodging        | 3 |  3.2
Fighting       | |  2.7
Throwing       | |  1.7

Action                     || total
---------------------------++-------
  Melee: Trident           ||   133
  Throw: Throwing net      ||     1
    Use: Scroll            ||     7
         Potion            ||     2
   Stab: Distracted        ||     1
         Sleeping          ||     2
 Armour: Leather armour    ||    41
  Dodge: Dodged            ||    84

Table legend: (Time is in decaauts)
 A = Elapsed time spent in this place.
 B = Non-inter-level travel time spent in this place.
 C = Inter-level travel time spent in this place.
 D = Time resting spent in this place.
 E = Time spent auto-exploring this place.
 F = Levels seen in this place.
 G = Mean time per level.
                   A        B        C        D        E       F      G
               +--------+--------+--------+--------+--------+-----+--------+
         Total |   1722 |   1645 |     77 |      0 |   1306 |   3 |  574.0 |
       Dungeon |   1722 |   1645 |     77 |      0 |   1306 |   3 |  574.0 |
               +--------+--------+--------+--------+--------+-----+--------+

Top non-repeatable levels by time:
     D:2: 701 daAuts
     D:1: 675 daAuts
     D:3: 345 daAuts
